[Event "Early-Titled-Tuesday-Blitz-June-18-2024"]
[Site "Chess.com"]
[Date "2024.06.18"]
[Round "6"]
[White "jk13"]
[Black "Alexchess1984"]
[Result "1-0"]
[WhiteElo "2697"]
[BlackElo "2553"]
[TimeControl "180+1"]
[EndTime "9:09:02 PDT"]
[Termination "jk13 won by resignation"]

1. e4 e6 2. d3 d5 3. Qe2 Nf6 4. Nf3 Be7 5. g3 O-O 6. Bg2 c5 7. O-O Nc6 8. e5 Nd7 9. c4 b5 10. b3 bxc4 11. dxc4 Ba6 12. Rd1 Qc7 13. Bf4 Nb6 14.
Na3 Rad8 15. Nb5 Qb8 16. a4 Bb7 17. a5 Nc8 18. cxd5 exd5 19. e6 Bd6 20. Nxd6 Nxd6 21. e7 Nxe7 22. Qxe7 Rfe8 23. Qh4 Qc8 24. a6 Ba8 25.
Ne5 f6 26. Ng4 Ne4 27. Bxe4 dxe4 28. Nxf6+ gxf6 29. Qxf6 Rxd1+ 30. Rxd1 Qe6 31. Qxe6+ Rxe6 32. Rd8+ Kf7 33. Rxa8 Rxa6 34. Be3 Ra3 35. Bxc5 Rxb3 36. Rxa7+ Ke6 37. Rxh7 Kd5 38. Be3 Kc4 39. Kg2 Kd3 40. Rd7+ Ke2 41. Rd2+ Ke1 42. Ra2 Rb1 43. h4 Kd1 44. h5 Rb5 45. h6 Rh5 46. g4 Rh4 47. g5 Rxh6 48. gxh6 1-0

[Event "Early-Titled-Tuesday-Blitz-June-18-2024"]
[Site "Chess.com"]
[Date "2024.06.18"]
[Round "6"]
[White "Roland_Garros_2024"]
[Black "cthake"]
[Result "0-1"]
[WhiteElo "2210"]
[BlackElo "1833"]
[TimeControl "180+1"]
[EndTime "9:09:02 PDT"]
[Termination "cthake won by checkmate"]

1. e4 c5 2. Nf3 d6 3. d4 cxd4 4.
Nxd4 Nf6 5. Nc3 a6 6. Bg5 e6 7. f4 Be7 8. Qf3 h6 9. Bh4 Qa5 10. O-O-O Nbd7 11. Kb1 Qc7 12. f5 e5 13.
Nb3 Rb8 14. Be2 b5 15. Bf2 Bb7 16. g4 b4 17. Nd5 Bxd5 18. exd5 e4 19. Qe3 Ne5 20.
Rhg1 Rc8 21. Rd2 Nc4 22. Bxc4 Qxc4 23. Rd4 Qxc2+ 24. Ka1 h5 25. Rc1 Nxg4 26. Rxc2 Rxc2 27.
Qxe4 Rxf2 28. Rd1 O-O 29. Qxe7 Rc8 30. Qxd6 Rcc2 31. Rb1 Ne3 32. Qd8+ Kh7 33. Qg5 Nc4 34. Qxh5+ Kg8 35. Nd4 Rcd2 36. Ne6 Na3 37. Qg5 Nc2# 0-1

[Event "Early-Titled-Tuesday-Blitz-June-18-2024"]
[Site "Chess.com"]
[Date "2024.06.18"]
[Round "6"]
[White "IndianSchoolOfSuffering"]
[Black "Harry_Rakkel"]
[Result "0-1"]
[WhiteElo "2521"]
[BlackElo "2669"]
[TimeControl "180+1"]
[EndTime "9:09:04 PDT"]
[Termination "Harry_Rakkel won by checkmate"]

1. e4 c5 2. Nf3 e6 3. c3 Nf6 4.
e5 Nd5 5. d4 cxd4 6. cxd4 d6 7.
Bc4 Bd7 8. O-O Bc6 9. Nc3 Nb6 10. Bd3 N8d7 11. exd6 Bxd6 12. Re1 Qc7 13. Nb5 Bxb5 14. Bxb5 O-O 15. Be3 Rac8 16. Rc1 Qb8 17. Qd3 Rxc1 18. Rxc1 Rc8 19. Rc2 Nf6 20. Qd1 Nbd5 21. Bg5 Ne4 22. Bh4 Bf4 23. Bd3 Nd6 24. a3 g6 25. Bg3 Rxc2 26. Qxc2 Qd8 27. Be4 Bxg3 28. hxg3 Nf6 29. Bd3 Qb6 30. b4 Qd8 31. Qc5 b6 32. Qc6 Ng4 33.
d5 e5 34. Nd2 f5 35. Nc4 Nf7 36. d6 e4 37. Be2 Nf6 38. b5 Kg7 39. Bd1 Qd7 40. Bb3 Qe6 41. Nd2 Qxd6 42. Bxf7 Qxd2 43. Bc4 Qe1+ 44. Bf1 Ng4 45. Qc7+ Kh6 46. Qf4+ Kh5 47. f3 Qf2+ 48. Kh1 Qxf1# 0-1

[Event "Early-Titled-Tuesday-Blitz-June-18-2024"]
[Site "Chess.com"]
[Date "2024.06.18"]
[Round "6"]
[White "artin10862"]
[Black "DmitryMaximov"]
[Result "1-0"]
[WhiteElo "2938"]
[BlackElo "2777"]
[TimeControl "180+1"]
[EndTime "9:09:06 PDT"]
[Termination "artin10862 won by resignation"]

1. d4 Nf6 2. Nf3 g6 3. Bg5 Bg7 4. Nbd2 d5 5. e3 O-O 6. c3 c6 7. h3 h6 8. Bf4 Re8 9. Ne5 Nbd7 10. Bd3 Nxe5 11. dxe5 Nh7 12. h4 Nf8 13. h5 g5 14.
Bg3 f5 15. exf6 Bxf6 16. O-O e5 17. e4 Bg7 18. Re1 a5 19. a4 b6 20. Qb3 Bb7 21. Nf3 Nd7 22. Bb1 Kh8 23. Qc2 Nf8 24. exd5 Qxd5 25.
Ba2 Qc5 26. Rad1 Bc8 27. Nxe5 Bxe5 28. Rd8 Bb7 29. Rxa8 Bxa8 30. Qf5 Bxc3 31. Rxe8 Qxf5 32. bxc3 Kg7 33. Re7+ Kh8 34. Be5+ Qxe5 35. Rxe5 Kg7 36. Re7+ Kh8 37. Re8 Kg7 38. Rxa8 c5 39. Rb8 1-0

[Event "Early-Titled-Tuesday-Blitz-June-18-2024"]
[Site "Chess.com"]
[Date "2024.06.18"]
[Round "6"]
[White "SkinnyPuppy8"]
[Black "Mikozovna"]
[Result "0-1"]
[WhiteElo "2198"]
[BlackElo "2628"]
[TimeControl "180+1"]
[EndTime "9:09:06 PDT"]
[Termination "Mikozovna won on time"]

1. e4 d6 2. d4 g6 3. c3 c6 4.
Bd3 Nf6 5. Qe2 Bg7 6. f4 e5 7. Nf3 Bg4 8. Be3 O-O 9. Nbd2 Re8 10. dxe5 dxe5 11. f5 gxf5 12. h3 Bxf3 13. gxf3 f4 14.
Bf2 Nbd7 15. Rg1 Kh8 16. Bh4 Qa5 17. O-O-O Qxa2 18. Bc4 Qa1+ 19. Kc2 Qa4+ 20. Bb3 Qb5 21. Bc4 Qc5 22. Qg2 Qf8 23. Qg5 Nc5 24. Qf5 Ncd7 25.
Nf1 b5 26. Bb3 Rad8 27. Rxg7 Qxg7 28. Rxd7 Nxd7 29. Bxd8 Rxd8 30. Nd2 Qf6 31. Qg4 Nc5 32. Ba2 Rg8 33. Qh5 Rg5 34. Qxf7 Qxf7 35. Bxf7 Rg3 36. h4 Kg7 37. Be8 Rh3 38. Bxc6 Rxh4 39. b4 Ne6 40. Bxb5 Rh2 41. c4 Nd4+ 42. Kd3 Nxb5 43. cxb5 h5 44. Nc4 h4 45. Nxe5 h3 46. Ng4 Rg2 0-1

[Event "Early-Titled-Tuesday-Blitz-June-18-2024"]
[Site "Chess.com"]
[Date "2024.06.18"]
[Round "6"]
[White "Puzzlebot_1294"]
[Black "zverr1"]
[Result "1-0"]
[WhiteElo "2679"]
[BlackElo "2542"]
[TimeControl "180+1"]
[EndTime "9:09:08 PDT"]
[Termination "Puzzlebot_1294 won by checkmate"]

1. d4 Nf6 2. Bf4 g6 3. Nc3 d5 4. e3 Bg7 5. h4 O-O 6. h5 Bg4 7.
f3 Bf5 8. hxg6 fxg6 9. Bd3 Qd7 10.
Qd2 Nc6 11. O-O-O Rae8 12. Be5 Qe6 13. Bxc7 Rc8 14. Bf4 Nb4 15. Bxf5 Qxf5 16. a3 Nc6 17. Nge2 Na5 18. g4 Qd7 19. Qd3 a6 20. Be5 b5 21.
Nf4 Nc4 22. Bxf6 Rxf6 23. Nfxd5 Rxf3 24. b3 Nxa3 25. Nb6 Qc6 26. Nxc8 Qxc8 27. Kb2 b4 28. Nd5 Qb7 29. Qe4 Kh8 30. Qxf3 e6 31. Rxh7+ Kxh7 32. Nf6+ Bxf6 33. Qxb7+ Kh6 34. Qxa6 Kg5 35. Qxe6 Nb5 36. Qd5+ Kh4 37. Qxb5 g5 38. e4 Kxg4 39. e5 Be7 40. Qd7+ Kf4 41. Qxe7 g4 42. e6 g3 43. Qf7+ Ke4 44. e7 g2 45. e8=Q# 1-0

[Event "Early-Titled-Tuesday-Blitz-June-18-2024"]
[Site "Chess.com"]
[Date "2024.06.18"]
[Round "6"]
[White "Savagelittlemole"]
[Black "kyuotbi"]
[Result "1-0"]
[WhiteElo "2500"]
[BlackElo "2319"]
[TimeControl "180+1"]
[EndTime "9:09:08 PDT"]
[Termination "Savagelittlemole won by resignation"]

1. d4 d5 2. Bf4 c5 3. Nf3 Nc6 4. e3 cxd4 5. exd4 a6 6. c3 Bg4 7. Nbd2 Nf6 8. h3 Bh5 9. Qb3 b5 10. a4 Qa5 11. Bd3 b4 12. O-O e6 13. c4 dxc4 14.
Qxc4 Qd5 15. Rac1 Na5 16. Qc7 Be7 17. Nc4 Bd8 18. Qe5 Bxf3 19. Nxa5 Bxa5 20. gxf3 O-O 21. Rc5 Qxf3 22. Be2 Qxh3 23. Rxa5 Rfd8 24. Bg3 Nd5 25.
Qh5 Qxh5 26. Bxh5 Rdc8 27. Bf3 Rc4 28. Bxd5 exd5 29. Rxd5 Rc2 30. Rb1 a5 31. Rb5 Rd2 32. d5 f6 33. Bc7 Kf7 34. Bxa5 b3 35. Bxd2 1-0

[Event "Early-Titled-Tuesday-Blitz-June-18-2024"]
[Site "Chess.com"]
[Date "2024.06.18"]
[Round "6"]
[White "Alenzer"]
[Black "Boudicca64"]
[Result "1-0"]
[WhiteElo "2172"]
[BlackElo "1819"]
[TimeControl "180+1"]
[EndTime "9:09:08 PDT"]
[Termination "Alenzer won on time"]

1. e4 g6 2. d4 Bg7 3. Nc3 c5 4. Nf3 Qa5 5. Be2 cxd4 6. Nxd4 Nf6 7. O-O d6 8. Be3 O-O 9. Qd2 Nc6 10. Nxc6 bxc6 11.
Nd5 Qd8 12. Nxf6+ Bxf6 13. c3 Bb7 14. f4 d5 15. e5 Bg7 16. Bc5 Re8 17. e6 f5 18. Rae1 Rf8 19. Qe3 Bc8 20. Bd3 Rf6 21.
Qf2 Rxe6 22. Bxa7 Qa5 23. Bd4 Qxa2 24. Bxg7 Kxg7 25. Qd4+ Kf7 26. Rxe6 Bxe6 27. Re1 Qxb2 28. Qe5 Qd2 29. Qxe6+ Kg7 30. Qe5+ Kh6 31. Bf1 1-0

[Event "Early-Titled-Tuesday-Blitz-June-18-2024"]
[Site "Chess.com"]
[Date "2024.06.18"]
[Round "6"]
[White "SargissyanSargis"]
[Black "Lupul_Cenusiu"]
[Result "1-0"]
[WhiteElo "2439"]
[BlackElo "2718"]
[TimeControl "180+1"]
[EndTime "9:09:09 PDT"]
[Termination "SargissyanSargis won by checkmate"]

1. e4 c6 2. d4 d5 3. e5 Bf5 4. h4 h5 5. Bd3 Bxd3 6. Qxd3 Qa5+ 7. Nd2 Qa6 8. c4 e6 9. Ngf3 Ne7 10. b3 Nf5 11.
O-O Be7 12. g3 Nd7 13. Re1 O-O 14. Nf1 Nb6 15. N1d2 Rfd8 16. Qc3 dxc4 17. bxc4 c5 18. dxc5 Bxc5 19. Ne4 Be7 20. c5 Na4 21. Qb4 b6 22.
Bg5 bxc5 23. Qa3 Bxg5 24. Nfxg5 Rd3 25. Qc1 c4 26. Nh3 Nd4 27. Kg2 Nf3 28. Re3 Rxe3 29. Qxe3 Nxe5 30. Neg5 Qc6+ 31. Kg1 Ng4 32. Qe2 Rc8 33.
Nf4 Nf6 34. Rc1 c3 35. Nd3 Nb2 36. Ne5 Qc7 37. Nexf7 c2 38. Qxe6 Kf8 39. Ne5 Re8 40.
Ng6# 1-0

[Event "Early-Titled-Tuesday-Blitz-June-18-2024"]
[Site "Chess.com"]
[Date "2024.06.18"]
[Round "6"]
[White "PLAYER_2006_M"]
[Black "Zurability"]
[Result "1-0"]
[WhiteElo "2961"]
[BlackElo "2789"]
[TimeControl "180+1"]
[EndTime "9:09:10 PDT"]
[Termination "PLAYER_2006_M won on time"]

1. e4 c5 2. Nf3 d6 3. Nc3 Nf6 4.
e5 dxe5 5. Nxe5 Nbd7 6. d4 cxd4 7.
Qxd4 a6 8. Bf4 e6 9. O-O-O Qb6 10. Qxb6 Nxb6 11. Nc4 Nxc4 12. Bxc4 Bc5 13. f3 b5 14. Bd3 Bb7 15. Rhe1 Ke7 16. a4 b4 17. Ne4 Nxe4 18.
Bxe4 Bxe4 19. Rxe4 Rhd8 20. Rc4 Rxd1+ 21. Kxd1 Rd8+ 22.
Ke2 Rd5 23. Bd2 a5 24. c3 bxc3 25. Bxc3 Bd6 26. Bxg7 Rg5 27. Rg4 Rxg4 28. fxg4 Bxh2 29. Bc3 Bc7 30. Kd3 Kd6 31. Ke4 Kc5 32. b3 Kc6 33.
Bd4 Bd6 34. Be3 Bc7 35. Bd2 Kc5 36. Be1 Kc6 37. b4 axb4 38. Bxb4 Kb6 39. Bd2 Ka6 40. Bf4 Bd8 41. Bd2 Bc7 42. Kd4 Kb6 43. Kc4 Kc6 44. Be3 Ba5 45. Bd4 f5 46. gxf5 exf5 47. Be5 Bb6 48.
Bc3 Bc7 49. a5 h5 50. a6 Bg3 51. Bd4 h4 52. Kd3 f4 53. Ke4 Kc7 54. Kf3 Kb8 55. Kg4 Ka8 56. Bc5 1-0

[Event "Early-Titled-Tuesday-Blitz-June-18-2024"]
[Site "Chess.com"]
[Date "2024.06.18"]
[Round "6"]
[White "MVM2008"]
[Black "bascheyaro"]
[Result "0-1"]
[WhiteElo "2592"]
[BlackElo "2810"]
[TimeControl "180+1"]
[EndTime "9:09:10 PDT"]
[Termination "bascheyaro won by resignation"]

1. e4 e6 2. d4 d5 3. Nd2 c5 4.
c3 Nc6 5. Ngf3 cxd4 6. cxd4 Bb4 7. exd5 Qxd5 8. a3 Bxd2+ 9. Qxd2 Nf6 10. Bd3 Bd7 11. Qf4 Ne7 12. Qg3 O-O 13. Bd2 Bb5 14. Bxb5 Qxb5 15. Bc3 Ned5 16. Ne5 Rac8 17. Rc1 Ne4 18. Qd3 Qxd3 19. Nxd3 Nexc3 20. bxc3 Nxc3 21. Kd2 Ne4+ 22. Ke3 Nd6 23. g4 Nc4+ 24. Kf4 Rfd8 25. Ke4 Nxa3 26. Nc5 Nb5 27. Nxb7 Rxd4+ 28. Ke3 Rb8 29.
Rc5 Rd7 30. Na5 Nc7 31. Nc6 Ra8 32. Rb1 Nd5+ 33. Kf3 f6 34. Nb8 Rc7 35. Rxc7 Nxc7 36.
Rb7 a5 37. Rxc7 Rxb8 38. Ra7 Rb3+ 39. Kg2 Rb5 40. Kg3 h5 41. gxh5 Rxh5 42. h3 Rb5 43. f4 Kh7 44. Kg4 Kg6 45. Ra6 f5+ 46.
Kh4 Kf6 47. Kh5 Rb3 48. Kh4 Rb4 49. Kg3 a4 50. Ra5 Rb3+ 51. Kh4 a3 52. Ra8 Rf3 53. Ra4 Rxf4+ 54. Rxf4 g5+ 0-1

[Event "Early-Titled-Tuesday-Blitz-June-18-2024"]
[Site "Chess.com"]
[Date "2024.06.18"]
[Round "6"]
[White "Polish_fighter3000"]
[Black "DominguezOnYoutube"]
[Result "1-0"]
[WhiteElo "3082"]
[BlackElo "2909"]
[TimeControl "180+1"]
[EndTime "9:09:11 PDT"]
[Termination "Polish_fighter3000 won by checkmate"]

1. d4 Nf6 2. Bg5 d5 3. Bxf6 exf6 4. e3 c6 5. c4 dxc4 6. Bxc4 Bd6 7. Nc3 f5 8. Nf3 Nd7 9. Qc2 Nf6 10. h3 g6 11.
Ng5 O-O 12. Bb3 Qe7 13. O-O-O a5 14. a4 b5 15. g4 b4 16. Ne2 h6 17. Nf3 Ne4 18. Nf4 Kh7 19. Rhg1 Ra7 20. Kb1 Rc7 21.
Ka1 Bxf4 22. exf4 c5 23. Ne5 cxd4 24. Qe2 Nc5 25. Bc4 Be6 26. gxf5 Bxf5 27. Rxd4 Nxa4 28.
h4 Nb6 29. Bd3 Qe6 30. h5 Rfc8 31. hxg6+ fxg6 32. Kb1 Rg7 33. Rh1 Bxd3+ 34. Qxd3 Qf5 35. Qxf5 gxf5 36. Rd6 Nc4 37. Rdxh6+ Kg8 38. Rh8# 1-0

[Event "Early-Titled-Tuesday-Blitz-June-18-2024"]
[Site "Chess.com"]
[Date "2024.06.18"]
[Round "6"]
[White "NailBashirli"]
[Black "whiteglovethief"]
[Result "1-0"]
[WhiteElo "2745"]
[BlackElo "2545"]
[TimeControl "180+1"]
[EndTime "9:09:11 PDT"]
[Termination "NailBashirli won by resignation"]

1. e4 e6 2. d4 d5 3. Nd2 c5 4.
exd5 exd5 5. Ngf3 Nc6 6. Bb5 Qe7+ 7. Be2 Nf6 8. O-O Qc7 9. Re1 cxd4 10. Nb3 Bb4 11.
Bd2 Bxd2 12. Qxd2 O-O 13. Bd3 h6 14. Nbxd4 Bg4 15. c3 Rad8 16. Nxc6 bxc6 17. Ne5 Rfe8 18. Qf4 Bc8 19. Ng6 Qb6 20. Ne7+ Kf8 21. Nxc8 Rxc8 22. b4 Qc7 23. Rxe8+ Nxe8 24. Qd4 Qe7 25. Kf1 Nd6 26. Re1 Qc7 27. Qc5 Re8 28. Rxe8+ Kxe8 29. b5 Nb7 30.
Qxa7 cxb5 31. Bxb5+ Kd8 32. Ba6 Nc5 33. Qa8+ Ke7 34.
Bb5 Ne6 35. Qxd5 Qxc3 36. g3 Nc7 37. Qd7+ Kf6 38. Qd8+ Kg6 39. Bd3+ f5 40. Qd6+ Kf7 41. Bxf5 Ne8 42. Bg6+ Kg8 43. Qe6+ 1-0

[Event "Early-Titled-Tuesday-Blitz-June-18-2024"]
[Site "Chess.com"]
[Date "2024.06.18"]
[Round "6"]
[White "Smiechu"]
[Black "pospisku"]
[Result "0-1"]
[WhiteElo "2351"]
[BlackElo "2524"]
[TimeControl "180+1"]
[EndTime "9:09:11 PDT"]
[Termination "pospisku won by checkmate"]

1. e4 e5 2. Nf3 Nc6 3. Bb5 a6 4. Ba4 Nf6 5. Qe2 b5 6. Bb3 Bc5 7. a4 Rb8 8. axb5 axb5 9. Nc3 O-O 10. d3 h6 11. Be3 Nd4 12. Bxd4 exd4 13. Nd5 Nxd5 14. Bxd5 c6 15. Bb3 d5 16. O-O Re8 17.
Rfe1 Bg4 18. Qd2 Bxf3 19. gxf3 Qh4 20. f4 Qg4+ 21. Kh1 dxe4 22. dxe4 Qf3+ 23. Kg1 Rxe4 24. Rxe4 Qxe4 25. Re1 Qg6+ 26. Kh1 Kh8 27. Qe2 Bd6 28. Rg1 Qf6 29. Qh5 Qxf4 30. c3 d3 31. Bd1 d2 32.
Qh3 Re8 33. Qg2 g6 34. Qh3 Re1 35. Bc2 Qxf2 36. Qxh6+ Kg8 37. Qg5 Qxh2# 0-1

[Event "Early-Titled-Tuesday-Blitz-June-18-2024"]
[Site "Chess.com"]
[Date "2024.06.18"]
[Round "6"]
[White "chess_peak"]
[Black "nitpicker"]
[Result "1-0"]
[WhiteElo "2520"]
[BlackElo "2332"]
[TimeControl "180+1"]
[EndTime "9:09:12 PDT"]
[Termination "chess_peak won on time"]

1. d4 Nf6 2. c4 e6 3. Nf3 d5 4. Nc3 Bb4 5. cxd5 exd5 6. Bg5 Nbd7 7. Nd2 Be7 8. e3 b6 9. Bd3 Bb7 10. O-O O-O 11. Rc1 a6 12. Qf3 h6 13. Bf4 c5 14.
g4 b5 15. h4 b4 16. Ne2 Ne4 17. Nxe4 dxe4 18. Bxe4 Bxe4 19. Qxe4 Bxh4 20. dxc5 Re8 21.
Qf3 Rc8 22. Rfd1 Qe7 23. c6 Ne5 24. Bxe5 Qxe5 25. Rd4 Re6 26. b3 a5 27. Nf4 Rf6 28. Qg2 g5 29. Nd3 Qb5 30. c7 Qb6 31. Qd5 Kg7 32.
Qd7 Qb7 33. Rd5 Kg6 34. Rf5 Rxf5 35. Qxf5+ Kg7 36. Qd7 Kg6 37. Ne5+ Kf6 38. Nf3 1-0

[Event "Early-Titled-Tuesday-Blitz-June-18-2024"]
[Site "Chess.com"]
[Date "2024.06.18"]
[Round "6"]
[White "vladislavkovalev"]
[Black "only_strong_moves"]
[Result "1-0"]
[WhiteElo "2848"]
[BlackElo "2658"]
[TimeControl "180+1"]
[EndTime "9:09:14 PDT"]
[Termination "vladislavkovalev won by resignation"]

1. e4 e5 2. Nf3 Nc6 3. Bb5 a6 4. Ba4 Nge7 5. Nc3 d6 6. Bb3 Ng6 7. d3 Bg4 8. h3 Bxf3 9. Qxf3 Qd7 10. Be3 Na5 11. Ne2 Nxb3 12. axb3 Be7 13. O-O O-O 14. Ng3 Nh4 15. Qg4 f5 16. exf5 Nxf5 17. f4 Rad8 18. Nxf5 Qxf5 19. fxe5 Qxg4 20. hxg4 dxe5 21.
Rf3 Rf6 22. Rxf6 gxf6 23. Kf2 Kf7 24. Kf3 Ke6 25. Rh1 Rh8 26. Rh6 Kf7 27. Ke4 Bf8 28. Rh5 Ke6 29. Kf3 h6 30. g5 fxg5 31. Bxg5 Bg7 32.
Be3 Kf6 33. g4 Kg6 34. Rf5 Re8 35. Ke4 Re6 36. b4 b5 37. c4 Rd6 38. Bc5 Rd7 39. b3 c6 40. Be3 Rd8 41. Rf1 Rd7 42. Ra1 bxc4 43. bxc4 Rb7 44. Rxa6 Rxb4 45. Rxc6+ Kf7 46. Bxh6 Bf6 47. g5 Bh8 48. g6+ Ke7 49. g7 Bxg7 50. Bxg7 Rb3 1-0

[Event "Early-Titled-Tuesday-Blitz-June-18-2024"]
[Site "Chess.com"]
[Date "2024.06.18"]
[Round "6"]
[White "AjedrezInteligente"]
[Black "Stanbad1"]
[Result "0-1"]
[WhiteElo "2421"]
[BlackElo "2706"]
[TimeControl "180+1"]
[EndTime "9:09:14 PDT"]
[Termination "Stanbad1 won by resignation"]

1. e4 e6 2. d4 d5 3. Bd3 c5 4.
exd5 exd5 5. dxc5 Bxc5 6. Nf3 Nc6 7. O-O Nge7 8. a3 f6 9. b4 Bd6 10. c4 dxc4 11. Bxc4 Bg4 12. h3 Bh5 13. Bb2 Qc7 14. Be6 Be5 15. Nc3 Nd4 16. g4 Nxe6 17.
Nb5 Qb6 18. Bxe5 fxe5 19. Nd6+ Kf8 20. gxh5 Rd8 21. Nxe5 Rxd6 22. Qf3+ Ke8 23. Qf7+ Kd8 24. Rad1 Nd4 25. Nc4 Qc6 26. Nxd6 Qxd6 27. Rd3 Nef5 28.
Rfd1 Rf8 29. Qc4 b5 30. Rxd4 Nxd4 31. Qxd4 Qxd4 32. Rxd4+ Kc7 33. Rd5 a6 34. Rg5 Rf7 35. Kg2 Kd6 36. Kg3 Ke6 37. f4 Kf6 38. Kg4 Rc7 39.
Rc5 Re7 40. Rc6+ Re6 41. Rxe6+ Kxe6 42. Kg5 Kf7 43. h6 g6 44. h4 Ke7 45. h5 gxh5 46. Kxh5 Kf6 47. Kg4 Kg6 48. f5+ Kxh6 49. Kf4 Kg7 50. Kg5 h6+ 51. Kh5 Kf6 52. Kxh6 Kxf5 53. Kg7 Ke5 54. Kf7 Kd5 55. Ke7 Kc4 56. Kd6 Kb3 0-1

[Event "Early-Titled-Tuesday-Blitz-June-18-2024"]
[Site "Chess.com"]
[Date "2024.06.18"]
[Round "6"]
[White "Austen48"]
[Black "elamier"]
[Result "1-0"]
[WhiteElo "2311"]
[BlackElo "2460"]
[TimeControl "180+1"]
[EndTime "9:09:15 PDT"]
[Termination "Austen48 won on time"]

1. d4 Nf6 2. c4 e6 3. Nc3 Bb4 4. Qc2 O-O 5. Nf3 c5 6. dxc5 Nc6 7. a3 Bxc5 8. e3 b6 9. Bd3 Bb7 10. O-O Rc8 11. Qe2 d5 12. b4 Bd6 13.
cxd5 exd5 14. Nb5 Bb8 15. Bb2 Qe7 16. Bf5 Rcd8 17. Rfd1 Rfe8 18. Rac1 a6 19. Nbd4 Ne5 20. Bb1 Nc4 21. Nf5 Qe6 22. Ng5 Qc6 23. Nxg7 Kxg7 24.
Qg4 Rg8 25. Ne6+ Kh6 26. Qh4+ Nh5 27. Nxd8 Qd7 28. Nxb7 Nxb2 29. Rd4 Qxb7 30. Rf4 f5 31. Rxf5 Kg7 32. Qxh5 Kh8 33. Rf7 Rg7 34. Rxb7 Rxb7 35. Rc8+ 1-0

[Event "Early-Titled-Tuesday-Blitz-June-18-2024"]
[Site "Chess.com"]
[Date "2024.06.18"]
[Round "6"]
[White "scarabee43"]
[Black "CSB7"]
[Result "0-1"]
[WhiteElo "2874"]
[BlackElo "2765"]
[TimeControl "180+1"]
[EndTime "9:09:16 PDT"]
[Termination "CSB7 won on time"]

1. Nf3 Nf6 2. c4 e6 3. b3 d5 4. Bb2 c5 5. cxd5 exd5 6. d4 cxd4 7. Nxd4 Ne4 8. Nc3 Bb4 9. Rc1 Qf6 10. Nf3 Nc6 11.
Qd3 Bf5 12. Nd2 Nxd2 13. Qxd2 d4 14. e4 Bxe4 15. Nxe4 Bxd2+ 16. Kxd2 Qf4+ 17. Kd3 Ne5+ 18. Kxd4 Rd8+ 19. Kc3 Qxe4 20. Bb5+ Kf8 21. Rhe1 Rc8+ 22. Bc4 Qd3+ 23. Kb4 Nxc4 24. bxc4 Kg8 25. Red1 Qg6 26. Rd4 Qb6+ 27. Kc3 h6 28. Rcd1 f6 29. Kc2 Qc6 30. Rg4 Kh7 31. Rd3 Rhd8 32. Rdg3 Rd7 33. Bc3 b5 34.
Bd2 bxc4 35. Bxh6 gxh6 0-1

[Event "Early-Titled-Tuesday-Blitz-June-18-2024"]
[Site "Chess.com"]
[Date "2024.06.18"]
[Round "6"]
[White "AndrewMaco"]
[Black "Fh2411"]
[Result "1-0"]
[WhiteElo "2698"]
[BlackElo "2554"]
[TimeControl "180+1"]
[EndTime "9:09:16 PDT"]
[Termination "AndrewMaco won on time"]

1. e4 c6 2. d4 d5 3. e5 Bf5 4. Nf3 e6 5. Be2 Nd7 6. O-O Ne7 7. Nh4 Bg6 8. Nd2 Nf5 9. Nxg6 hxg6 10. Nf3 Be7 11.
c3 g5 12. h3 Nf8 13. Bd3 Ng6 14. b4 a6 15. a4 Ngh4 16. Nh2 Qd7 17. Qc2 f6 18.
Ng4 Nh6 19. g3 N4f5 20. Kg2 a5 21. b5 c5 22. exf6 gxf6 23. dxc5 Nxg4 24. hxg4 Nh6 25. c6 bxc6 26. bxc6 Qc7 27. Rh1 Kf7 28. c4 d4 29.
Qe2 Rae8 30. Be4 Qe5 31. Bd2 Kg7 32. Qf3 f5 33. gxf5 exf5 34. Bd5 Ng4 35. Rae1 Qd6 36. Re6 Rxh1 37. Kxh1 Rh8+ 38. Kg1 Qb8 39. Rxe7+ Kf8 40.
Re1 1-0

[Event "Early-Titled-Tuesday-Blitz-June-18-2024"]
[Site "Chess.com"]
[Date "2024.06.18"]
[Round "6"]
[White "AlphaPerseii"]
[Black "ejalmedina"]
[Result "1/2-1/2"]
[WhiteElo "2392"]
[BlackElo "2308"]
[TimeControl "180+1"]
[EndTime "9:09:16 PDT"]
[Termination "Game drawn by repetition"]

1. d4 d5 2. c4 e6 3. Nc3 a6 4.
e4 dxe4 5. Nxe4 Bb4+ 6. Bd2 Qxd4 7. Bxb4 Qxe4+ 8. Be2 Nc6 9. Ba3 Nge7 10. Nf3 O-O 11. O-O Rd8 12. Qe1 Nf5 13. Rd1 Ncd4 14. Nxd4 Nxd4 15. Bd3 Qxe1 16. Rfxe1 Bd7 17. Bxh7+ Kxh7 18. Rxd4 Bc6 19. Red1 Rxd4 20. Rxd4 f6 21. f3 e5 22. Rd2 Kg6 23. Kf2 Rh8 24. h3 Kf7 25. Ke3 Ke6 26. Bb4 Rh4 27. b3 b5 28. cxb5 Bxb5 29.
Ba5 c5 30. Rc2 c4 31. bxc4 Rxc4 32. Rxc4 Bxc4 33. a3 Kd5 34. Bb4 g5 35. g3 Bf1 36.
h4 gxh4 37. gxh4 Bc4 38. h5 Ba2 39. h6 Bb1 40. Bf8 Bh7 41. Bg7 f5 42. Bf6 f4+ 43.
Kd2 e4 44. fxe4+ Kxe4 45. Ke2 Kf5 46. Bg7 Kg4 47. Kf2 Bg6 48. Bf8 Bh7 49. Bg7 Bg6 50.
Bf8 Bh7 51. Bg7 1/2-1/2

[Event "Early-Titled-Tuesday-Blitz-June-18-2024"]
[Site "Chess.com"]
[Date "2024.06.18"]
[Round "6"]
[White "Journey_to_GrandMaster_YT"]
[Black "Casper"]
[Result "0-1"]
[WhiteElo "2632"]
[BlackElo "2488"]
[TimeControl "180+1"]
[EndTime "9:09:17 PDT"]
[Termination "Casper won on time"]

1. d4 d5 2. c4 dxc4 3. e4 Nc6 4. Be3 e5 5. d5 Nce7 6. Bxc4 Nf6 7. Nc3 Ng6 8. h3 a6 9. a4 Bb4 10. Qc2 O-O 11.
Ne2 Nh5 12. O-O Kh8 13. Rad1 f5 14. exf5 Bxf5 15. Bd3 Bxd3 16. Qxd3 Nhf4 17. Nxf4 exf4 18. Bd4 Nh4 19. Ne4 Bd6 20. Rfe1 Qe8 21. Nxd6 Qh5 22.
Re5 Qh6 23. Nf5 Rxf5 24. Rxf5 Qg6 25. g4 fxg3 26. Qxg3 Qxg3+ 27. fxg3 Nxf5 28. Be5 Nd6 29.
Rc1 Re8 30. Bxd6 cxd6 31. Rc7 Kg8 32. Rxb7 Re5 33. Rb6 Rxd5 34. Rxa6 Rd1+ 35. Kf2 Rd2+ 36. Kf3 Rxb2 37. Rxd6 Ra2 38. Rd4 Kf7 39. Ke4 Ke6 40.
Kd3 Ra3+ 41. Kc2 Rxg3 42. Rd3 Rxd3 43. Kxd3 Kd5 44. Ke3 g5 0-1

[Event "Early-Titled-Tuesday-Blitz-June-18-2024"]
[Site "Chess.com"]
[Date "2024.06.18"]
[Round "6"]
[White "MKlose11"]
[Black "Mackster23"]
[Result "1-0"]
[WhiteElo "2578"]
[BlackElo "2708"]
[TimeControl "180+1"]
[EndTime "9:09:18 PDT"]
[Termination "MKlose11 won by resignation"]

1. e4 c5 2. Nc3 d6 3. g3 g6 4. d3 Bg7 5. Be3 Nc6 6. Qd2 Rb8 7. Bg2 b5 8. Nge2 b4 9. Nd1 e6 10. O-O Nge7 11. Bh6 Kf8 12. c3 Ba6 13. Bxg7+ Kxg7 14. Ne3 bxc3 15. bxc3 Qa5 16. f4 f5 17. exf5 gxf5 18. Rfe1 h5 19. h4 d5 20. Kh2 Kf6 21. Ng1 d4 22. Nc4 Bxc4 23. dxc4 Qxc3 24. Qe2 Qe3 25.
Qc2 Qc3 26. Qe2 Qe3 27. Qf1 Qc3 28. Nf3 Rb2 29. Ng5 Nd8 30. Rac1 Qd2 31. Rcd1 Qc2 32. Rc1 Qd2 33. Nf3 Qa5 34. Re2 Qxa2 35. Rxb2 Qxb2 36.
Qe1 Qb8 37. Rb1 Qd6 38. Ne5 Ndc6 39. Rb7 Nxe5 40. fxe5+ Qxe5 41. Qxe5+ Kxe5 42. Rxe7 a5 43. Rc7 d3 44. Rxc5+ Kd4 45. Rxa5 d2 46. Ra1 e5 47. Kg1 e4 48. Kf2 Kd3 49. Bf1+ Kc2 50. Be2 Rb8 51. Bxh5 Rb3 52. Be2 e3+ 53. Kf3 Kb2 54. Rd1 Kc2 55.
h5 Rc3 56. h6 Rxc4 57. Bxc4 Kxd1 58. Be2+ Ke1 59. Kxe3 d1=Q 60. Bxd1 Kxd1 61. h7 f4+ 62. Kxf4 1-0

[Event "Early-Titled-Tuesday-Blitz-June-18-2024"]
[Site "Chess.com"]
[Date "2024.06.18"]
[Round "6"]
[White "slidingknight2775"]
[Black "rollercoaster29"]
[Result "1-0"]
[WhiteElo "2690"]
[BlackElo "2513"]
[TimeControl "180+1"]
[EndTime "9:09:19 PDT"]
[Termination "slidingknight2775 won by resignation"]

1. d4 Nf6 2. c4 g6 3. Nc3 d5 4. Nf3 Bg7 5. cxd5 Nxd5 6. e4 Nxc3 7. bxc3 c5 8. h3 Nc6 9. Be3 Qa5 10. Bd2 O-O 11. Be2 Rd8 12. O-O Qc7 13. d5 Na5 14. c4 b5 15. cxb5 e6 16. Rc1 Nb7 17.
Bg5 f6 18. Be3 exd5 19. exd5 Be6 20. Qc2 Bxd5 21. Rfd1 Bf7 22. Bc4 Rac8 23. Rxd8+ Nxd8 24. Bxf7+ Qxf7 25. Qc4 Qxc4 26. Rxc4 Bf8 27. a4 Nb7 28. Nd2 Na5 29. Rc2 Kf7 30. Ne4 Nb7 31. f3 h6 32. Kf2 f5 33. Nd2 Ke6 34. Nc4 g5 35. f4 gxf4 36. Bxf4 h5 37. g3 Nd6 38. Nxd6 Bxd6 39. Re2+ Kd7 40. Rd2 c4 41. Rxd6+ Ke7 42.
Rc6 1-0